 Dungeon Crawl Stone Soup version 0.15-a0-1373-g9317ecd (webtiles) character file.

267 Bloax the Insei (level 6, 0/32 HPs)
             Began as a Vine Stalker Monk on June 11, 2014.
             Was a Believer of Cheibriados.
             Succumbed to a scorpion's poison
             ... on Level 6 of the Dungeon on June 13, 2014.
             The game lasted 00:05:42 (739 turns).

Bloax the Insei (Vine Stalker Monk)                  Turns: 739, Time: 00:05:42

HP   0/32        AC  2     Str 19      XL: 6   Next: 21%
MP   1/15        EV 15     Int 15      God: Cheibriados [**....]
Gold 60          SH  0     Dex 23      Spells:  0 memorised, 11 levels left

rFire  . . .     SeeInvis .       - Unarmed
rCold  . . .     Clarity  .     a - +0 robe
rNeg   + . .     rCorr    .     (no shield)
rPois  .         rRot     +     (no helmet)
rElec  .         Spirit   +     (no cloak)
SustAb .         Warding  .     (no gloves)
rMut   .         Stasis   .     (no boots)
Gourm  .                        (no amulet)
MR     .....                    l - ring of positive energy
                                i - ring of flight

@: lethally poisoned, very slow, not resistant to hostile enchantments, fairly
stealthy
A: fangs 2, regeneration 2, magic shield, antimagic bite, no device heal 3, rot
immunity
a: Bend Time, Renounce Religion, Evoke Flight


You were on level 6 of the Dungeon.
You worshipped Cheibriados.
Cheibriados was pleased with you.
You were not hungry.

You visited 2 branches of the dungeon, and saw 7 of its levels.

You collected 60 gold pieces.


Innate Abilities, Weirdness & Mutations

You have extremely sharp teeth.
You heal very quickly.
When hurt, damage is shared between your health and your magic reserves.
Your bite disrupts and absorbs the magic of your enemies.
Potions and wands cannot restore your health.
You are immune to rotting.


   Skills:
 - Level 2.6 Fighting
 + Level 3.6 Dodging
 - Level 2.4 Stealth
 + Level 5.5 Unarmed Combat
 + Level 3.1 Spellcasting


You had 11 spell levels left.
You didn't know any spells.

Dungeon Overview and Level Annotations

Branches:
Dungeon (6/15)             Temple (1/1) D:4

Altars:
Ashenzari
Cheibriados
Dithmenos
Elyvilon
Gozag
Kikubaaqudgha
Nemelex Xobeh
Okawaru
Qazlal
Sif Muna
Vehumet
Xom
Yredelemnul
The Shining One

Shops:
D:5 }

Inventory:

Armour
 a - a +0 robe (worn)
Comestibles
 b - a bread ration
 c - 2 meat rations
 h - 2 beef jerkies
 j - a slice of pizza
Scrolls
 d - a scroll of fear {unknown}
 e - 4 scrolls of identify {unknown}
 f - a scroll of random uselessness {unknown}
 g - a scroll of enchant weapon I {unknown}
 m - a scroll of immolation {unknown}
Jewellery
 i - a ring of flight (left hand)
   (You found it on level 5 of the Dungeon)
 l - a ring of positive energy (right hand)
   (You found it on level 5 of the Dungeon)
Potions
 k - a potion of curing {unknown}

#.# .. ... #. #.### #.
#...# ###.# #.#.#######
#.... #.#........
#.#..##.#....#
#..?.........# #######
#...8@....8..# #......
................###......
#.#..............#......
#..[..........####......
......(...>...# #..%...
#............# #......
.$#.8.....8%# #......
...........# #......
..##.#..#.+####......


There were no monsters in sight!


Message History

Cheibriados thoroughly appreciates the change of pace.
No target in view!
No target in view!
You see here a bat corpse.
e - 4 scrolls labeled MOUGONNYNA (gained 1)
A scorpion comes into view.
Found a scroll labeled MOUGONNYNA.
Found a large shield.
You see here a scroll labeled SUALAE DUZEGG.
m - a scroll labeled SUALAE DUZEGG The scorpion stings you.
You are poisoned.
The scorpion poisons you!
You hit the scorpion.
You bite the scorpion, but do no damage.
The scorpion is moderately wounded.
You feel sick. The scorpion stings you!
You are more poisoned.
The scorpion poisons you!
You closely miss the scorpion. You bite the scorpion. You drain its power.
You feel invigorated.
The scorpion is moderately wounded.
You feel sick. The scorpion closely misses you.
You barely miss the scorpion.
The scorpion is moderately wounded.
You feel sick.
You hit the scorpion but do no damage.
The scorpion is moderately wounded.
You feel sick. The scorpion stings you.
You hit the scorpion but do no damage.
You bite the scorpion, but do no damage.
The scorpion is moderately wounded.
You feel sick. The scorpion stings you.
You barely miss the scorpion.
You punch the scorpion, but do no damage.
The scorpion is moderately wounded.
The scorpion stings you!
* * * LOW HITPOINT WARNING * * *
You hit the scorpion.
You bite the scorpion, but do no damage.
The scorpion is moderately wounded.
You feel sick. The scorpion stings you.
* * * LOW HITPOINT WARNING * * *
Unknown command.
Drink which item? (? for menu, Esc to quit)
Okay, then.
You hit the scorpion.
The scorpion is moderately wounded.
You feel sick. The scorpion closely misses you.
Unknown command.
You hit the scorpion. You bite the scorpion. You drain its power.
You feel invigorated.
The scorpion is severely wounded.
You feel sick. The scorpion stings you.
Unknown command.
You hit the scorpion.
The scorpion is almost dead.
The scorpion stings you!
* * * LOW HITPOINT WARNING * * *
Unknown command.
You hit the scorpion.
You kill the scorpion!
Cheibriados thoroughly appreciates the change of pace.
Your Spellcasting skill increases to level 3!
You have reached level 6!
Your experience leads to an increase in your attributes!
Increase (S)trength, (I)ntelligence, or (D)exterity?
You feel agile.
You begin to heal more quickly.
You die...

Action                   |  1- 3 |  4- 6 || total
-------------------------+-------+-------++-------
Melee: Unarmed           |    54 |    36 ||    90
  Use: Potion            |     1 |       ||     1
 Stab: Distracted        |     1 |       ||     1
       Sleeping          |       |     2 ||     2

Vault maps used:
D:1:      dpeg_arrival_round_b
D:2:      serial_co_window_serial, co_window_cross_1, co_window_paths_a,
          co_window_corner_a, co_window_of_opportunity_a, co_window_corner_a,
          co_window_broadway_a, co_window_of_opportunity_b,
          co_window_broadway_c, co_window_corner_b, co_window_unsneaky_path_e,
          co_window_paths_d, co_window_4corner_a, glass_columns_a,
          glass_columns_b, first_bread, roderic_serpentine_path
D:3:      grunt_temple_overflow_order_and_chaos_2
D:4:      grunt_temple_overflow_open, temple_hall
D:5:      nicolae_ossuary_entry_false_entrances, serial_shops,
          kennysheep_mini_moat, grunt_ministairs_14
D:6:      serial_shops, shop, st_stairs_1, lightli_corner_chamber
Temple:   circular_temple_12

Notes
Turn   | Place    | Note
--------------------------------------------------------------
     0 | D:1      | Bloax, the Vine Stalker Monk, began the quest for the Orb.
     0 | D:1      | Reached XP level 1. HP: 11/11 MP: 1/1
   203 | D:4      | Found a staircase to the Ecumenical Temple.
   213 | Temple   | Entered the Ecumenical Temple
   239 | Temple   | Became a worshipper of Cheibriados the Contemplative
   240 | Temple   | hahaha
   298 | D:4      | Found a shattered altar of Ashenzari.
   302 | D:4      | Found a shadowy altar of Dithmenos.
   313 | D:5      | Entered Level 5 of the Dungeon
   369 | D:5      | Noticed a jelly
   371 | D:5      | Reached XP level 2. HP: 16/16 MP: 3/3
   379 | D:5      | Found Twoutt's Gadget Shop.
   400 | D:5      | Noticed an orc wizard
   401 | D:5      | Noticed an ogre
   402 | D:5      | Noticed a phantom
   410 | D:5      | Killed an orc wizard
   410 | D:5      | Reached skill level 1 in Spellcasting
   410 | D:5      | Reached XP level 3. HP: 17/19 MP: 3/5
   429 | D:5      | HP: 1/19 [ogre/giant club (12)]
   433 | D:5      | Killed an ogre
   433 | D:5      | Reached skill level 3 in Dodging
   433 | D:5      | Reached skill level 5 in Unarmed Combat
   433 | D:5      | Reached skill level 2 in Spellcasting
   433 | D:5      | Reached XP level 4. HP: 1/23 MP: 5/9
   433 | D:5      | Reached XP level 5. HP: 1/27 MP: 6/11
   438 | D:5      | HP: 2/27 [poisoned by an adder]
   444 | D:5      | HP: 4/27 [poisoned by an adder]
   736 | D:6      | HP: 6/27 [poisoned by a scorpion]
   738 | D:6      | HP: 1/27 [scorpion (5)]
   739 | D:6      | Reached skill level 3 in Spellcasting
   739 | D:6      | Gained mutation: You heal very quickly. [vine stalker growth]
   739 | D:6      | Reached XP level 6. HP: 1/32 MP: 1/15
   739 | D:6      | Succumbed to a scorpion's poison

Vanquished Creatures
  An ogre (D:5)
  A scorpion (D:6)
  A jelly (D:6)
  An orc wizard (D:5)
  3 gnolls (D:5)
  2 adders (D:5)
  A giant mite (D:6)
  A giant gecko (D:4)
  2 orcs (D:5)
  A giant cockroach (D:5)
  A goblin (D:5)
  A hobgoblin (D:4)
  4 bats
  A giant newt (D:5)
  A goblin skeleton (D:4)
22 creatures vanquished.
